 Dungeon Crawl Stone Soup version 0.31-a0-1099-g7fa767f3fe (webtiles) character file.

Game seed: 1007611994181996915

1036 Gumption the Ruffian (level 8, -3/57 (60) HPs)
             Began as a Gnoll Shapeshifter on Dec 1, 2023.
             Was a Believer of Dithmenos.
             Shot with a sling bullet by a wight (6 damage)
             ... on level 6 of the Dungeon.
             The game lasted 00:31:53 (5145 turns).

Gumption the Ruffian (Gnoll Shapeshifter)           Turns: 5145, Time: 00:31:54

HP:   -3/57 (60)    AC: 11    Str: 16    XL:     8   Next: 24%
MP:   12/12         EV:  6    Int:  9    God:    Dithmenos [**....]
Gold: 275           SH:  0    Dex: 14    Spells: 13/13 levels left

rFire   . . .        b - +4 short sword of the Present {flame, Dex+2}
rCold   . . .        (no shield)
rNeg    . . .        t - +0 plate armour
rPois   .            v - melded +2 helmet
rElec   .            (cloak currently unavailable)
rCorr   .            w - melded +0 pair of gloves
SInv    .            I - melded +0 pair of boots
Will    .....        (no amulet) Stlth
                     (no ring)
HPRegen 0.29/turn    (no ring)
MPRegen 0.13/turn

%: no passive effects
@: beast-form, wreathed by umbra, drained
A: beast (slay +4), fangs 1, strong nose, distributed training
a: Begin Untransformation, Renounce Religion, Shadow Step


You were on level 6 of the Dungeon.
You worshipped Dithmenos.
Dithmenos was pleased with you.
You were a hulking beast.
You visited 2 branches of the dungeon, and saw 7 of its levels.
You also visited: Sewer.

You collected 275 gold pieces.

Inventory:

Hand Weapons
 a - a +1 hand axe of electrocution
 b - the +4 short sword of the Present (weapon) {flame, Dex+2}
   (You found it on level 2 of the Dungeon)

   Dex+2:     It affects your dexterity (+2).
 D - a +2 whip of flaming
Missiles
 g - 55 stones
 j - 6 javelins
 r - 11 poisoned darts (quivered)
Armour
 t - a +0 plate armour (worn)
 v - a +2 helmet (melded)
 w - a +0 pair of gloves (melded)
 I - a +0 pair of boots (melded)
Magical Staves
 e - a staff of conjuration
Jewellery
 m - a ring of ice
Talismans
 c - a beast talisman (active)
 d - a flux talisman
 x - a serpent talisman
Wands
 y - a wand of light (16)
 E - a wand of iceblast (7)
Scrolls
 f - a scroll of brand weapon {unknown}
 h - 2 scrolls of vulnerability {unknown}
 k - 2 scrolls of fear {unknown}
 n - a scroll of enchant armour {unknown}
 p - 2 scrolls of teleportation
 q - a scroll of amnesia {unknown}
 s - a scroll of fog {unknown}
 C - a scroll of enchant weapon {unknown}
 F - a scroll of silence {unknown}
 G - a scroll of revelation {unknown}
Potions
 i - 2 potions of mutation
 l - 2 potions of enlightenment
 o - a potion of haste
 u - 2 potions of lignification
 z - 2 potions of curing
 A - a potion of brilliance
 B - a potion of cancellation


   Skills:
 + Level 4.1 Fighting
 + Level 3.1 Short Blades
 + Level 3.1 Long Blades
 + Level 3.1 Axes
 + Level 3.1 Maces & Flails
 + Level 3.1 Polearms
 + Level 3.1 Staves
 + Level 3.1 Ranged Weapons
 + Level 3.1 Throwing
 + Level 3.1 Armour
 + Level 5.6 Dodging
 + Level 3.1 Stealth
 + Level 3.1 Shields
 + Level 7.3 Unarmed Combat
 + Level 3.1 Spellcasting
 + Level 2.5 Conjurations
 + Level 2.5 Hexes
 + Level 2.5 Summonings
 + Level 2.5 Necromancy
 + Level 2.5 Translocations
 + Level 2.5 Transmutations
 + Level 2.5 Fire Magic
 + Level 2.5 Ice Magic
 + Level 2.5 Air Magic
 + Level 2.5 Earth Magic
 + Level 2.5 Poison Magic
 + Level 3.4 Invocations
 + Level 3.1 Evocations
 + Level 7.2 Shapeshifting


You had 13 spell levels left.
You didn't know any spells.
Your spell library contained the following spells:

 Spells                   Type           Power      Damage    Failure   Level
 Apportation              Tloc           12%        N/A       99%         1
 Jinxbite                 Hex            12%        N/A       100%        2
 Anguish                  Hex/Necr       3%         N/A       100%        4
 Cause Fear               Hex            3%         N/A       100%        4
 Alistair's Intoxication  Tmut/Pois      4%         N/A       100%        5
 Enfeeble                 Hex            3%         N/A       100%        7


Dungeon Overview and Level Annotations

Branches:
Dungeon (6/15)             Temple (1/1) D:4           Sewer (visited)

Altars:
Ashenzari
Cheibriados
Dithmenos
Fedhas
Hepliaklqana
Kikubaaqudgha
Makhleb
Nemelex Xobeh
Ru
Trog
Uskayaw
Wu Jian
Xom
Yredelemnul
Zin


Innate Abilities, Weirdness & Mutations

You are a hulking beast.
Your limbs bulge with bestial killing power. (Slay +4)
You have very sharp teeth.
Your uncanny sense of smell can sniff out nearby items.
Your experience applies equally to all skills.


Message History

The wight shoots a sling bullet.
The sling bullet barely misses you.
The orc shouts!
A wight comes into view. It is wielding a +1 halberd.
The wight shoots a sling bullet.
The sling bullet hits you.
The wight shoots a sling bullet.
The sling bullet hits you!
You see here a scroll labelled ERGHUST REDANI.
The wight shoots a sling bullet.
The sling bullet hits you.
The wight shoots a sling bullet.
The sling bullet hits you.
The wight shoots a sling bullet.
The sling bullet hits you.
There is a stone staircase leading up, spattered with blood here.
The wight shoots a sling bullet.
The sling bullet hits you. The wight barely misses you.
The wight shoots a sling bullet.
The sling bullet hits you but does no damage.
The wight barely misses you.
You puncture the orc! You burn the orc.
You kill the orc!
Dithmenos accepts your kill.
The wight hits you from afar with a +1 halberd.
* * * LOW HITPOINT WARNING * * *
You feel drained.
* * * LOW HITPOINT WARNING * * *
The wight shoots a sling bullet.
The sling bullet hits you!
* * * LOW HITPOINT WARNING * * *
The wight attacks as it pursues you!
The wight hits you from afar with a +1 halberd!
* * * LOW HITPOINT WARNING * * *
The wight completely misses you.
There is a stone staircase leading up, spattered with blood here.
You barely miss the wight. The wight hits you with a +1 halberd!
* * * LOW HITPOINT WARNING * * *
You hit the wight. You burn the wight.
The wight is heavily damaged.
The wight hits you with a +1 halberd!
* * * LOW HITPOINT WARNING * * *
You feel drained.
* * * LOW HITPOINT WARNING * * *
You hit the wight but do no damage. You punch the wight, but do no damage.
The wight is moderately damaged.
The wight shoots a sling bullet.
The sling bullet hits you.
You die...

.......?z.....#...
........o.........
......##..........
...... ###..#....
##..# #...##...
##.#####.#.....#
#......z†..##...
##.#.##)#### #
#..hz.# #.....# #
#.....# .# #.....#
#######.# .
.......# >......#
.. ###.....#
......#.#. #.....#
.....#[#. #.....#
#.##.#.#.
##.##...#.


You could see 2 wights.

Vanquished Creatures
  Edmund (D:5)
  A water moccasin (Sewer)
  A phantom (D:5)
  2 scorpions
  A gnoll sergeant (D:5)
  A wight (D:5)
  A gnoll bouda (D:4)
  2 jellies
  A hound (D:6)
  Ijyb (D:4)
  An iguana (D:4)
  A howler monkey zombie (D:4)
  16 gnolls
  4 adders
  3 white imps
  2 ufetubi (D:5)
  An adder zombie (D:4)
  2 worms (D:2)
  5 dart slugs
  14 orcs
  10 endoplasms
  7 giant cockroaches
  6 goblins
  9 hobgoblins
  A jackal (Sewer)
  2 kobolds (D:2)
  A quokka (D:2)
  5 ball pythons
  4 bats
  3 frilled lizards
  A rat (D:3)
110 creatures vanquished.

Notes
Turn   | Place    | Note
-------+----------+-------------------------------------------
     0 | D:1      | Gumption the Gnoll Shapeshifter began the quest for the
                  | Orb.
     0 | D:1      | Reached XP level 1. HP: 17/17 MP: 1/1
   435 | D:1      | Reached XP level 2. HP: 21/23 MP: 2/2
   975 | D:2      | Reached XP level 3. HP: 28/28 MP: 3/3
  1165 | D:2      | Reached skill level 1 in Invocations
  1351 | D:2      | Reached skill level 1 in Short Blades
  1351 | D:2      | Reached skill level 1 in Long Blades
  1351 | D:2      | Reached skill level 1 in Axes
  1351 | D:2      | Reached skill level 1 in Maces & Flails
  1351 | D:2      | Reached skill level 1 in Polearms
  1351 | D:2      | Reached skill level 1 in Staves
  1351 | D:2      | Reached skill level 1 in Ranged Weapons
  1351 | D:2      | Reached skill level 1 in Throwing
  1351 | D:2      | Reached skill level 1 in Armour
  1351 | D:2      | Reached skill level 1 in Stealth
  1351 | D:2      | Reached skill level 1 in Shields
  1351 | D:2      | Reached skill level 1 in Spellcasting
  1351 | D:2      | Reached skill level 1 in Evocations
  1476 | D:2      | Reached XP level 4. HP: 29/34 MP: 5/5
  1677 | D:2      | Identified the +4 short sword of the Present {flame, Dex+2}
  1786 | D:2      | Reached skill level 1 in Conjurations
  1786 | D:2      | Reached skill level 1 in Hexes
  1786 | D:2      | Reached skill level 1 in Summonings
  1786 | D:2      | Reached skill level 1 in Necromancy
  1786 | D:2      | Reached skill level 1 in Translocations
  1786 | D:2      | Reached skill level 1 in Transmutations
  1786 | D:2      | Reached skill level 1 in Fire Magic
  1786 | D:2      | Reached skill level 1 in Ice Magic
  1786 | D:2      | Reached skill level 1 in Air Magic
  1786 | D:2      | Reached skill level 1 in Earth Magic
  1786 | D:2      | Reached skill level 1 in Poison Magic
  2078 | D:3      | Reached XP level 5. HP: 40/40 MP: 5/7
  2161 | D:3      | Found a faded altar of an unknown god.
  2165 | D:3      | Prayed at the altar of an unknown god.
  2165 | D:3      | Became a worshipper of Dithmenos the Shadowed
  2165 | D:3      | Reached * piety under Dithmenos
  2326 | D:4      | Noticed Ijyb
  2339 | D:4      | Killed Ijyb
  2530 | D:4      | Found a glowing drain.
  2551 | Sewer    | Entered a sewer
  2623 | Sewer    | Noticed a water moccasin
  2632 | Sewer    | Killed a water moccasin
  2633 | Sewer    | Reached skill level 5 in Dodging
  2633 | Sewer    | Reached XP level 6. HP: 43/47 MP: 8/8
  2849 | D:4      | Found a basalt altar of Yredelemnul.
  3210 | D:4      | Found a sacrificial altar of Ru.
  3505 | D:4      | Found a staircase to the Ecumenical Temple.
  3514 | Temple   | Entered the Ecumenical Temple
  3776 | D:4      | Reached ** piety under Dithmenos
  3777 | D:4      | Reached XP level 7. HP: 52/52 MP: 10/10
  3915 | D:5      | Entered Level 5 of the Dungeon
  4253 | D:5      | Found a sparkling altar of Nemelex Xobeh.
  4256 | D:5      | Found a shadowy altar of Dithmenos.
  4350 | D:5      | Noticed Edmund
  4360 | D:5      | Killed Edmund
  4369 | D:5      | Found a broken altar of Ashenzari.
  4969 | D:5      | Reached XP level 8. HP: 57/60 MP: 12/12
  5143 | D:6      | HP: 2/57 [wight/+1 halberd (2)]
  5145 | D:6      | Shot with a sling bullet by a wight

Illustrated notes

Levels and vault maps discovered:
D:1:      lightli_arrival_maybe_door_vault, layout_basic,
          kennysheep_another_room, minmay_hexomino_u4
D:2:      minmay_wonky_spiral, layout_basic, serial_aquarium,
          aquarium_bridge_island_large [aquarium_subvault_large_4_pools,
          aquarium_subvault_wall, aquarium_subvault_bridge,
          aquarium_subvault_window, aquarium_subvault_bridge],
          aquarium_bridge_straight [aquarium_subvault_bridge,
          aquarium_subvault_wall, aquarium_subvault_bridge,
          aquarium_subvault_wall], aquarium_window_fake, aquarium_window_corner,
          aquarium_view_2b, aquarium_balcony_double_1, aquarium_pool_2
D:3:      layout_rooms, shapermc_ecumenical_altar_acropolis, dk_noncrumbling_4
D:4:      layout_loops_corners, nicolae_ru_awakened_eye,
          lemuel_zombie_altar_yredelemnul, lemuel_temple_firewalk_b,
          portal_sewer_entry_f, minmay_fountain_box, uniq_ijyb
D:5:      layout_basic, nicolae_ashenzari_panopticon, nicolae_overflow_squiral,
          uniq_edmund
D:6:      minmay_recursive_quarters, layout_rooms, kennysheep_mini
Temple:   nicolae_temple_ecumenical_triangle

Skill      XL: |  1  2  3  4  5  6  7  8 |
---------------+-------------------------+-----
Invocations    | 1 2 3 |  3.4
Short Blades   | 1 2 3 |  3.1
Long Blades    | 1 2 3 |  3.1
Axes           | 1 2 3 |  3.1
Maces & Flails | 1 2 3 |  3.1
Polearms       | 1 2 3 |  3.1
Staves         | 1 2 3 |  3.1
Ranged Weapons | 1 2 3 |  3.1
Throwing       | 1 2 3 |  3.1
Armour         | 1 2 3 |  3.1
Stealth        | 1 2 3 |  3.1
Shields        | 1 2 3 |  3.1
Spellcasting   | 1 2 3 |  3.1
Evocations     | 1 2 3 |  3.1
Conjurations   | 1 2 |  2.5
Hexes          | 1 2 |  2.5
Summonings     | 1 2 |  2.5
Necromancy     | 1 2 |  2.5
Translocations | 1 2 |  2.5
Transmutations | 1 2 |  2.5
Fire Magic     | 1 2 |  2.5
Ice Magic      | 1 2 |  2.5
Air Magic      | 1 2 |  2.5
Earth Magic    | 1 2 |  2.5
Poison Magic   | 1 2 |  2.5
Fighting       | 3 4 |  4.1
Dodging        | 5 |  5.6
Unarmed Combat | 7 |  7.3
Shapeshifting  | 7 |  7.2

Action                     |  1- 3 |  4- 6 |  7- 9 || total
---------------------------+-------+-------+-------++-------
  Melee: Rapier            |     6 |       |       ||     6
         Hand axe          |    58 |     3 |       ||    61
         Bite              |     2 |    11 |     8 ||    21
         Punch             |     2 |     3 |     5 ||    10
         Short sword       |       |   101 |    75 ||   176
  Throw: Stone             |     3 |       |       ||     3
         Javelin           |       |     6 |       ||     6
         Dart              |       |     4 |     6 ||    10
Ability: Begin Untransform |       |       |     1 ||     1
  Evoke: Wand              |       |       |     4 ||     4
    Use: Scroll            |       |     6 |     2 ||     8
 Armour: Leather armour    |     6 |       |       ||     6
         Scale mail        |    18 |     2 |       ||    20
         Plate armour      |       |    75 |   103 ||   178
  Dodge: Dodged            |    33 |    22 |    36 ||    91
   Form: Beast             |       |       |     1 ||     1

Table legend: (Time is in decaauts)
 A = Elapsed time spent in this place.
 B = Non-inter-level travel time spent in this place.
 C = Inter-level travel time spent in this place.
 D = Time resting spent in this place.
 E = Time spent auto-exploring this place.
 F = Levels seen in this place.
 G = Mean time per level.
                   A        B        C        D        E       F      G
               +--------+--------+--------+--------+--------+-----+--------+
         Total |   5170 |   4906 |    264 |    607 |   2714 |   8 |  646.2 |
       Dungeon |   5010 |   4746 |    264 |    590 |   2671 |   6 |  835.0 |
        Temple |      1 |      1 |      0 |      0 |      0 |   1 |    1.0 |
         Sewer |    158 |    158 |      0 |     17 |     43 |   1 |  158.0 |
               +--------+--------+--------+--------+--------+-----+--------+

Top non-repeatable levels by time:
     D:4: 1290 daAuts
     D:5: 1103 daAuts
     D:1: 983 daAuts
     D:2: 861 daAuts
     D:3: 647 daAuts
   Sewer: 158 daAuts
     D:6: 124 daAuts
  Temple: 1 daAuts
